 Dungeon Crawl Stone Soup version 0.16.1-7-g2c6721e (webtiles) character file.

63 jacksonaction the Insei (level 3, 16/28 HPs)
             Began as a Draconian Transmuter on Mar 29, 2015.
             Quit the game on level 2 of the Dungeon.
             The game lasted 00:07:38 (1293 turns).

jacksonaction the Insei (Draconian Transmuter)      Turns: 1293, Time: 00:07:38

Health: 16/28      AC:  5    Str: 12    XL:     3   Next: 89%
Magic:  6/6        EV: 13    Int: 13    God:
Gold:   55         SH:  0    Dex: 12    Spells: 1 memorised, 5 levels left

rFire  . . .     SeeInvis .       - Unarmed
rCold  . . .     Clarity  .     (armour unavailable)
rNeg   . . .     SustAb   .     (no shield)
rPois  .         Gourm    .     (helmet restricted)
rElec  .         Spirit   .     (no cloak)
rCorr  .         Warding  .     (no gloves)
rMut   .         Stasis   .     (no boots)
MR     .....                    (no amulet)
Stlth  +.........               (no ring)
                                (no ring)

@: not resistant to hostile enchantments, very unstealthy
A: unfitting armour, cold-blooded, AC +5
a: no special abilities


You were on level 2 of the Dungeon.
You were hungry.

You visited 1 branch of the dungeon, and saw 2 of its levels.

You collected 55 gold pieces.

Inventory:

Missiles
 b - 40 arrows
Scrolls
 h - a scroll of blinking {unknown}
 k - a scroll of enchant armour {unknown}
Potions
 c - a potion of lignification {unknown}
 e - a potion of restore abilities {unknown}
 g - a potion of might {unknown}
 m - a potion of mutation {unknown}
Books
 d - a book of Changes

   Spells                             Type                      Level
   a - Beastly Appendage              Transmutation                1
   b - Sticks to Snakes               Transmutation                2
   c - Spider Form                    Transmutation/Poison         3
   d - Ice Form                       Ice/Transmutation            4
   e - Blade Hands                    Transmutation                5
 f - a book of Necromancy

   Spells                             Type                      Level
   a - Pain                           Necromancy                   1
   b - Animate Skeleton               Necromancy                   1
   c - Vampiric Draining              Necromancy                   3
   d - Regeneration                   Charms/Necromancy            3
   e - Animate Dead                   Necromancy                   4
   f - Control Undead                 Necromancy                   4
Comestibles
 a - a bread ration
 i - a slice of pizza
 j - a meat ration
 l - a chunk of flesh


   Skills:
 + Level 1.4 Fighting
 + Level 2.9 Dodging
 + Level 3.6 Unarmed Combat
 + Level 2.0 Spellcasting
 + Level 2.4 Transmutations


You had 5 spell levels left.
You knew the following spells:

 Your Spells              Type           Power        Failure   Level  Hunger
a - Beastly Appendage     Trmt           #.....       12%         1    ##.....


Dungeon Overview and Level Annotations

Branches:
Dungeon (2/15)

Altars:
Gozag


Innate Abilities, Weirdness & Mutations

Your plain brown scales are hard (AC +5).
Your body does not fit into most forms of armour.
Your cold-blooded metabolism reacts poorly to cold.


Message History

You hit the giant gecko.
The giant gecko is severely wounded.
The giant gecko bites you.
You closely miss the giant gecko.
Your tail-slap misses the giant gecko.
The giant gecko is severely wounded.
The giant gecko barely misses you.
You barely miss the giant gecko.
The giant gecko is severely wounded.
The giant gecko closely misses you.
You hit the giant gecko.
The giant gecko is almost dead.
The giant gecko closely misses you.
You closely miss the giant gecko.
The giant gecko is almost dead.
The giant gecko bites you but does no damage.
You hit the giant gecko.
You kill the giant gecko!
You see here a giant gecko corpse.
Unknown command.
Are you sure you want to abandon this character and quit the game? (Confirm with "yes".)

..###..#.###.##.#.......
........................
.........##..##.#..# #.
.##.....##..# #..#.
.......###..# #....
.............##.#. #....
...###.............<....
.................#.
...<. ...>....@.....##.#
#....
...................
..... .................
..#. ....#.#.#?#..##. #.
... #.###....# ## . ..
#.#..# .. ..#.. .. . ...


There were no monsters in sight!

Vanquished Creatures
  2 adders (D:2)
  A worm (D:2)
  A giant gecko (D:2)
  11 goblins
  3 hobgoblins (D:1)
  5 bats
  4 giant cockroaches (D:1)
  2 giant newts
  5 kobolds
  4 rats
38 creatures vanquished.

Notes
Turn   | Place    | Note
--------------------------------------------------------------
     0 | D:1      | jacksonaction, the Draconian Transmuter, began the quest for the Orb.
     0 | D:1      | Reached XP level 1. HP: 16/16 MP: 3/3
   128 | D:1      | Reached XP level 2. HP: 18/23 MP: 4/4
   699 | D:2      | Reached XP level 3. HP: 26/28 MP: 6/6
  1131 | D:2      | Found an opulent altar of Gozag.
  1293 | D:2      | Quit the game

Action                   || total
-------------------------++-------
Melee: Unarmed           ||   159
 Cast: Beastly Appendage ||     7
  Eat: Chunk             ||     1
